 Dungeon Crawl Stone Soup version 0.28-b1-1-g3c77fb2ed1 (webtiles) character file.

Game seed: 8759350574828187152

119 vvl the Gusty (level 4, 0/36 HPs)
             Began as a Draconian Air Elementalist on Jan 28, 2022.
             Slain by Sigmund (6 damage)
             ... on level 2 of the Dungeon.
             The game lasted 00:09:38 (2801 turns).

vvl the Gusty (Draconian Air Elementalist)          Turns: 2801, Time: 00:09:39

Health: 0/36       AC:  6    Str: 10      XL:     4   Next: 73%
Magic:  3/7        EV: 12    Int: 15 (17) God:
Gold:   45         SH:  0    Dex: 10 (12) Spells: 3/8 levels left

rFire   . . .      SeeInvis .   (no weapon)
rCold   . . .      Faith    .   (no shield)
rNeg    . . .      Spirit   .   (armour unavailable)
rPois   .          Reflect  .   (helmet restricted)
rElec   .          Harm     .   a - +0 cloak
rCorr   .          Rampage  .   (no gloves)
Will    .....                   (no boots)
Stlth   +.........              (no amulet)
HPRegen 0.12/turn               (no ring)
MPRegen 0.10/turn               (no ring)

@: confused
A: AC +5, unfitting armour, cold-blooded
a: no special abilities


You were on level 2 of the Dungeon.
You visited 1 branch of the dungeon, and saw 4 of its levels.

You collected 45 gold pieces.

Inventory:

Armour
 a - a +0 cloak (worn)
Magical Staves
 c - a staff of cold
 l - a staff of death
Jewellery
 e - a ring of ice
 g - a ring of magical power
Scrolls
 b - a scroll of immolation {unknown}
 d - a scroll of amnesia {unknown}
 f - 2 scrolls of teleportation {unknown}
 h - a scroll of blinking {unknown}
 i - 2 scrolls of identify {unknown}
 j - a scroll of fog {unknown}
Potions
 k - a potion of resistance {unknown}
 m - a potion of flight {unknown}


   Skills:
 + Level 1.8 Fighting
 - Level 2.0 Dodging
 - Level 2.0 Stealth
 + Level 2.5 Spellcasting
 + Level 2.1 Conjurations
 * Level 4.1 Air Magic


You had 3 spell levels left.
You knew the following spells:

 Your Spells              Type           Power      Damage    Failure   Level
a - Shock                 Conj/Air       44%        1d5       6%          1
b - Airstrike             Air            7%         N/A       36%         4

Your spell library contained the following spells:

 Spells                   Type           Power      Damage    Failure   Level
 Static Discharge         Conj/Air       11%        N/A       9%          2
 Swiftness                Air            14%        N/A       12%         3
 Corpse Rot               Necr/Air       16%        N/A       14%         2
 Poisonous Vapours        Pois/Air       16%        N/A       14%         2
 Scorch                   Fire           2%         2d5       32%         2
 Flame Wave               Conj/Fire      5%         2d5       80%         4
 Summon Cactus Giant      Summ           0%         N/A       100%        6


Dungeon Overview and Level Annotations

Branches:
Dungeon (4/15)
 Temple: D:4-7

Altars:

Annotations:
D:2 Sigmund


Innate Abilities, Weirdness & Mutations

Your plain brown scales are hard. (AC +5)
You cannot fit into any form of body armour.
You are cold-blooded and may be slowed by cold attacks.


Message History

Confirm with . or Enter, or press ? or * to list all spells.
Okay, then.
You climb downwards.
Level annotation: Sigmund Sigmund screams, "Don't try to resist!"
There is a stone staircase leading up here.
Casting: Shock (safe; 6% risk of failure)
Confirm with . or Enter, or press ? or * to list all spells.
Okay, then.
Sigmund hits you from afar with a +0 scythe!
Casting: Shock (safe; 6% risk of failure)
Confirm with . or Enter, or press ? or * to list all spells.
Okay, then.
Sigmund hits you from afar with a +0 scythe.
There is a stone staircase leading up here.
The zap hits Sigmund.
Sigmund is lightly wounded.
Sigmund gestures at you while chanting. The puff of flame hits you.
The zap hits Sigmund but does no damage.
Sigmund is lightly wounded.
Sigmund closely misses you.
The zap hits Sigmund.
Sigmund is moderately wounded.
The zap hits Sigmund.
Sigmund is moderately wounded.
Sigmund casts a spell at you.
You are confused.
You're too confused to cast spells.
You're too confused to cast spells.
Sigmund hits you from afar with a +0 scythe.
Sigmund hits you from afar with a +0 scythe!
* * * LOW HITPOINT WARNING * * *
In your confused state, you trip and fall back down the stairs.
* * * LOW HITPOINT WARNING * * *
Sigmund closely misses you.
In your confused state, you trip and fall back down the stairs.
* * * LOW HITPOINT WARNING * * *
Sigmund hits you from afar with a +0 scythe.
You die...

#.####### #.......#
#.#####.# #.# #.#
##############.#
#.#
#...........##.#
#.#
#.##...####.##.#
#.# #.....#
#.##.#####(#
#.....#
#.@........########
#### #.....#
#.##.#######.......
... #.....# #@##.#
#.......
.######.....#
#.##.# #.......
............#
#....## #.....(.
.##########.#
#.....# #....... .#
#.# ##..###
#....... .##### #.#
#..# #.......
.....######.## #..#
#.......


You could see Sigmund.

Vanquished Creatures
  A water moccasin skeleton (D:3)
  Terence (D:1)
  An adder (D:3)
  A worm (D:2)
  A dart slug (D:2)
  An orc (D:3)
  7 ball pythons
  4 bats
  An endoplasm (D:1)
  2 giant cockroaches
  3 goblins
  2 hobgoblins
  A kobold (D:1)
  2 quokkas
  2 frilled lizards
  3 rats (D:1)
33 creatures vanquished.

Notes
Turn   | Place    | Note
-------+----------+-------------------------------------------
     0 | D:1      | vvl the Draconian Air Elementalist began the quest for the
                  | Orb.
     0 | D:1      | Reached XP level 1. HP: 14/14 MP: 3/3
   272 | D:1      | Reached XP level 2. HP: 20/20 MP: 1/5
  1027 | D:2      | Noticed Terence
  1091 | D:1      | Killed Terence
  1092 | D:1      | Reached skill level 1 in Fighting
  1092 | D:1      | Reached XP level 3. HP: 17/28 MP: 0/6
  1927 | D:2      | Noticed Sigmund
  2194 | D:3      | Reached XP level 4. HP: 22/35 MP: 2/7
  2204 | D:3      | Reached skill level 4 in Air Magic
  2784 | D:1      | Learned a level 4 spell: Airstrike
  2801 | D:2      | Slain by Sigmund

Illustrated notes

Levels and vault maps discovered:
D:1:      matt_arrival_diagonals, layout_basic, minmay_bisected
D:2:      layout_basic, uniq_terence, uniq_sigmund
D:3:      layout_loops_cross, kennysheep_generic_room_12, uniq_robin,
          uniq_jessica
D:4:      layout_loops_ring, portal_sewer_entry_b

Skill      XL: |  1  2  3  4 |
---------------+-------------+-----
Dodging        | 2 |  2.0
Fighting       | 1 |  1.8
Stealth        | 2 |  2.0
Conjurations   | 2 |  2.1
Air Magic      | 4 |  4.1
Spellcasting   | |  2.5

Action                   |  1- 3 |  4- 6 || total
-------------------------+-------+-------++-------
Melee: Unarmed           |    75 |     7 ||    82
       Tailslap          |    12 |     1 ||    13
       Punch             |     2 |       ||     2
 Cast: Shock             |    74 |    17 ||    91
  Use: Potion            |     4 |       ||     4
Armor: Skin              |    35 |     3 ||    38
Dodge: Dodged            |   101 |    11 ||   112
